 Dungeon Crawl Stone Soup version 0.28.0-47-ge53b351184 (webtiles) character file.

Game seed: 12699103703936522014

21258 Gabide the Slinger (level 12, -2/108 HPs)
             Began as a Demigod Wanderer on Apr 21, 2022.
             Slain by a cyan ugly thing (16 damage)
             ... on level 14 of the Dungeon on Apr 24, 2022.
             The game lasted 00:46:03 (16234 turns).

Gabide the Slinger (Demigod Wanderer)              Turns: 16234, Time: 00:46:03

Health: -2/108     AC: 11    Str: 30    XL:     12   Next: 22%
Magic:  21/21      EV: 18    Int: 15    God:
Gold:   1212       SH:  0    Dex: 17    Spells: 10/19 levels left

rFire   . . .      SeeInvis .   a - +6 hunting sling
rCold   + . .      Faith    .   (no shield)
rNeg    . . .      Spirit   .   b - +4 robe of Fortification {Regen+ rCorr Str+3}
rPois   +          Reflect  .   l - +0 helmet
rElec   .          Harm     .   g - +2 cloak
rCorr   +          Rampage  .   k - +0 pair of fencer's gloves {Riposte Dex+3}
Will    +....                   (no boots)
Stlth   ++........              d - amulet of magic regeneration
HPRegen 1.08/turn               h - ring of protection from cold
MPRegen 0.57/turn               (no ring)

@: no status effects
A: high MP 1, forlorn, divine attributes, agile 1, poison resistance, weak 1
a: no special abilities


You were on level 14 of the Dungeon.
You visited 1 branch of the dungeon, and saw 14 of its levels.

You collected 1266 gold pieces.
You spent 54 gold pieces at shops.

Inventory:

Hand Weapons
 a - a +6 hunting sling (weapon)
 i - a +5 battleaxe
 o - a +8 flail of freezing
 u - a +1 dagger of electrocution
Missiles
 c - 20 poisoned darts
 f - 240 stones (quivered ammo)
 y - 3 curare-tipped darts
 E - 48 sling bullets
Armour
 b - the +4 robe of Fortification (worn) {Regen+ rCorr Str+3}
   (You found it on level 3 of the Dungeon)

   Str:       It affects your strength (+3).
   Regen:     It increases your rate of health regeneration.
   rCorr:     It protects you from acid and corrosion.
 g - a +2 cloak (worn)
 k - the +0 pair of fencer's gloves (worn) {Riposte Dex+3}
   (You found it on level 2 of the Dungeon)

   It allows the wearer to riposte with melee weapons, swiftly retaliating
   against missed attacks.
   Dex:       It affects your dexterity (+3).
 l - a +0 helmet (worn)
Jewellery
 d - an amulet of magic regeneration (around neck)
 h - a ring of protection from cold (left hand)
Wands
 j - a wand of flame (25)
 t - a wand of iceblast (14)
 v - a wand of charming (10)
 I - a wand of paralysis (9)
Scrolls
 n - 2 scrolls of vulnerability
 z - a scroll of noise {unknown}
 C - 2 scrolls of magic mapping
 G - a scroll of amnesia
Potions
 e - 2 potions of curing
 m - a potion of brilliance {unknown}
 p - 4 potions of ambrosia
 q - 2 potions of attraction {unknown}
 r - a potion of might {unknown}
 s - a potion of magic {unknown}
 w - 2 potions of berserk rage
 x - 2 potions of heal wounds {unknown}
 A - a potion of lignification {unknown}
 D - a potion of invisibility {unknown}


   Skills:
 * Level 10.9 Fighting
 * Level 11.5 Slings
 - Level 1.7(7.5) Throwing
 * Level 10.8 Dodging
 - Level 4.0 Spellcasting
 - Level 4.0 Hexes


You had 10 spell levels left.
You knew the following spells:

 Your Spells              Type           Power      Damage    Failure   Level
a - Slow                  Hex            60%        N/A       3%          1
b - Ensorcelled Hibernat  Hex/Ice        18%        N/A       12%         2
c - Tukima's Dance        Hex            15%        N/A       11%         3
d - Confusing Touch       Hex            15%        N/A       11%         3

Your spell library contained the following spells:

 Spells                   Type           Power      Damage    Failure   Level
 Shock                    Conj/Air       12%        1d3       19%         1
 Summon Small Mammal      Summ           12%        N/A       19%         1
 Passwall                 Tmut/Erth      2%         N/A       26%         2
 Spider Form              Tmut/Pois      3%         N/A       47%         3
 Swiftness                Air            3%         N/A       47%         3
 Vampiric Draining        Necr           3%         2d6       47%         3
 Anguish                  Hex/Necr       4%         N/A       61%         4
 Airstrike                Air            1%         N/A       87%         4


Dungeon Overview and Level Annotations

Branches:
Dungeon (14/15)            Temple (0/1) D:5            Lair (0/6) D:10
    Orc (0/2) D:10
 Vaults: D:13-14

Shops:
D:2 [   D:6 (   D:7 (

Annotations:
D:3 1 transporter, Faeu's ghost, weakling MiFi
D:9 2 transporters
D:13 2 transporters, Tali's ghost, journeyman DsBe


Innate Abilities, Weirdness & Mutations

You have an increased reservoir of magic. (+10% MP)
You shall have no god before yourself.
Your divine heritage dramatically boosts your attributes as you level up.
You are agile. (Dex +2)
Your system is resistant to poisons. (rPois)
You are weak. (Str -2)


Message History

You are too injured to fight recklessly!
You are too injured to fight recklessly!
You are too injured to fight recklessly!
You are too injured to fight recklessly!
You are too injured to fight recklessly!
You are too injured to fight recklessly!
You are too injured to fight recklessly!
You are too injured to fight recklessly!
You are too injured to fight recklessly!
You are too injured to fight recklessly!
You are too injured to fight recklessly!
You are too injured to fight recklessly!
You are too injured to fight recklessly!
You are too injured to fight recklessly!
You are too injured to fight recklessly!
You are too injured to fight recklessly!
You are too injured to fight recklessly!
You are too injured to fight recklessly!
You are too injured to fight recklessly!
You are too injured to fight recklessly!
Fire: 242 stones
Press: ? - help, Q - select action, (/) - cycle Shift-Dir - straight line, f/p - cyan ugly thing
Aim: a cyan ugly thing (severely wounded, 74% to hit)
You shoot a stone. The stone hits the cyan ugly thing!
The cyan ugly thing is almost dead.
Unknown command.
Fire: 241 stones
Press: ? - help, Q - select action, (/) - cycle Shift-Dir - straight line, f/p - cyan ugly thing
Aim: a cyan ugly thing (almost dead, 74% to hit)
You shoot a stone. The stone hits the cyan ugly thing!
The cyan ugly thing is almost dead.
The cyan ugly thing trunk-slaps you!
* * * LOW HITPOINT WARNING * * *
The cyan ugly thing shocks you!
* * * LOW HITPOINT WARNING * * *
The white ugly thing basks in the mutagenic energy from its kin and changes!
The cyan ugly thing trunk-slaps you.
* * * LOW HITPOINT WARNING * * *
The cyan ugly thing shocks you!
You die...

######.# #......#
#### #.####.# #..
#.# #.# #.# #.#
#.####.# #.#
#......# #.#
######.# #.#
#..####u# #@#
#....u((#
#u########..######
#...uu....(.......
#####....##.#.#.##
#....##.#...
#....##.# ....
#....##.# ##..
#....##.# .#
#...[# .#


You could see a cyan ugly thing.

Vanquished Creatures
  A boulder beetle (D:11)
  A hydra (D:12)
  A centaur warrior (D:13)
  3 two-headed ogres
  2 tengu warriors (D:13)
  3 ugly things
  A manticore (D:13)
  A torpor snail (shapeshifter) (D:13)
  Maggie (D:7)
  A komodo dragon (D:11)
  An efreet (D:13)
  2 tengu conjurers (D:13)
  A troll (D:12)
  6 meliai (D:13)
  A queen bee (D:13)
  Prince Ribbit (D:6)
  12 slime creatures
  4 shadows
  Sigmund (D:6)
  3 wraiths
  5 yaks (D:10)
  2 wyverns
  8 vampire mosquitoes
  An acid dragon (D:11)
  2 water moccasins (D:8)
  An ice beast (D:7)
  3 sky beasts
  An orc warrior (D:9)
  2 ogres (D:4)
  2 necrophages
  5 centaurs
  4 bullfrogs
  A scorpion (D:5)
  Blork the orc (D:6)
  A wyvern skeleton (D:7)
  2 troll zombies (D:10)
  A water moccasin skeleton (D:6)
  31 killer bees
  12 wights
  5 howler monkeys
  A bullfrog zombie (D:7)
  3 centaur zombies
  2 hounds
  A centaur skeleton (D:7)
  A gnoll shaman (D:8)
  7 orc priests
  Jessica (D:2)
  Crazy Yiuf (D:6)
  3 iguanas
  14 orc wizards
  4 ogre zombies (D:10)
  A hound skeleton (D:4)
  8 gnolls
  9 adders
  A shadow imp (D:5)
  2 white imps
  2 ufetubi
  2 adder skeletons (D:4)
  3 worms
  A dart slug (D:2)
  26 orcs
  9 endoplasms
  3 giant cockroaches
  12 goblins
  5 hobgoblins
  9 kobolds
  5 quokkas
  9 ball pythons
  9 bats
  5 frilled lizards
  A goblin skeleton (D:10)
  3 goblin zombies (D:10)
  3 hobgoblin zombies (D:10)
  3 orc skeletons (D:10)
  9 orc zombies (D:10)
  3 rats
318 creatures vanquished.

Vanquished Creatures (others)
  2 plants (D:6)
2 creatures vanquished.

Grand Total: 320 creatures vanquished

Notes
Turn   | Place    | Note
-------+----------+-------------------------------------------
     0 | D:1      | Gabide the Demigod Wanderer began the quest for the Orb.
     0 | D:1      | Gabide set off with the following items: a +2 hunting
                  | sling, 17 sling bullets, 15 poisoned darts, a +0 dagger, a
                  | +0 robe; and the following spell memorised: Slow; and the
                  | following spells available to memorise: Tukima's Dance
     0 | D:1      | Reached XP level 1. HP: 16/16 MP: 4/4
   358 | D:1      | Reached XP level 2. HP: 23/23 MP: 6/6
   411 | D:1      | Got Plato's Almanac of Illusion
   578 | D:1      | Reached skill level 1 in Dodging
   844 | D:2      | Found Rigg's Armour Shoppe.
  1016 | D:2      | Noticed Jessica
  1019 | D:2      | Killed Jessica
  1020 | D:2      | Reached XP level 3. HP: 29/29 MP: 5/7
  1209 | D:2      | Reached XP level 4. HP: 35/36 MP: 8/8
  1279 | D:2      | Found the +0 pair of fencer's gloves {Riposte Dex+3}
  1460 | D:2      | Reached skill level 5 in Slings
  2512 | D:2      | Reached XP level 5. HP: 15/42 MP: 8/10
  3236 | D:3      | Found a transporter.
  3250 | D:3      | Noticed Faeu's ghost (weakling MiFi)
  3252 | D:3      | Identified the +5 great mace of Zeeshryr {vorpal, rF-
                  | Dex+4}
  3252 | D:3      | Noticed an ogre
  3253 | D:3      | Noticed an ogre
  3371 | D:3      | Identified the +4 robe of Fortification {Regen+ rCorr
                  | Str+3}
  3371 | D:3      | Noticed a sky beast
  3750 | D:2      | Gained mutation: You are weak. (Str -2) [potion of
                  | mutation]
  3750 | D:2      | Gained mutation: Your system is resistant to poisons.
                  | (rPois) [potion of mutation]
  3750 | D:2      | Gained mutation: You are agile. (Dex +2) [potion of
                  | mutation]
  3797 | D:2      | Killed a sky beast
  3798 | D:2      | Reached XP level 6. HP: 38/51 MP: 11/11
  4027 | D:2      | Bought a +0 helmet for 54 gold pieces
  4734 | D:4      | Identified the +7 hand crossbow of True Grit {elec, rPois}
  5115 | D:4      | Reached XP level 7. HP: 59/59 MP: 13/13
  5248 | D:4      | Learned a level 2 spell: Ensorcelled Hibernation
  5252 | D:4      | Learned a level 3 spell: Tukima's Dance
  5809 | D:5      | Entered Level 5 of the Dungeon
  6334 | D:5      | Found a staircase to the Ecumenical Temple.
  6338 | D:5      | Reached skill level 6 in Slings
  6581 | D:6      | Noticed Prince Ribbit
  6601 | D:6      | Killed Prince Ribbit
  6602 | D:6      | Reached skill level 5 in Fighting
  6602 | D:6      | Reached XP level 8. HP: 53/68 MP: 12/15
  6837 | D:6      | Found a runed translucent door.
  6838 | D:6      | Noticed Crazy Yiuf
  6876 | D:6      | Noticed Blork the orc
  6881 | D:6      | Killed Blork the orc
  6882 | D:6      | Reached skill level 5 in Dodging
  6900 | D:6      | Noticed Sigmund
  6904 | D:6      | Killed Sigmund
  6967 | D:6      | Found Teip's Antique Weapon Boutique.
  7751 | D:6      | Killed Crazy Yiuf
  7752 | D:6      | Reached skill level 7 in Slings
  7858 | D:7      | Found Gyavy's Antique Weapon Shoppe.
  7864 | D:7      | Noticed Maggie
  7883 | D:7      | Killed Maggie
  7884 | D:7      | Reached XP level 9. HP: 74/75 MP: 18/18
  8749 | D:7      | Identified the +1 robe of Viukaenu {-Tele rN+ Will- Str+7}
 10195 | D:9      | Reached skill level 8 in Slings
 10303 | D:9      | Found a transporter.
 10315 | D:9      | Found a transporter.
 10545 | D:9      | Learned a level 3 spell: Confusing Touch
 10583 | D:10     | Entered Level 10 of the Dungeon
 10585 | D:10     | Identified the +2 rapier "Orb Guardian's Foe" {venom,
                  | +Blink rN+ Str-2}
 10762 | D:10     | Reached XP level 10. HP: 86/86 MP: 19/19
 10811 | D:10     | Found a staircase to the Orcish Mines.
 10991 | D:10     | Noticed a green ugly thing
 11004 | D:10     | Killed a green ugly thing
 11151 | D:10     | Reached skill level 9 in Slings
 11547 | D:10     | Found a staircase to the Lair.
 12039 | D:11     | Noticed a two-headed ogre
 12049 | D:11     | Killed a two-headed ogre
 12164 | D:11     | Noticed a two-headed ogre
 12229 | D:10     | Killed a two-headed ogre
 12230 | D:10     | Reached XP level 11. HP: 58/95 MP: 20/20
 12693 | D:12     | Noticed a boulder beetle
 12852 | D:11     | Killed a boulder beetle
 13138 | D:12     | Reached skill level 10 in Slings
 13413 | D:12     | Noticed a five-headed hydra
 13425 | D:12     | Killed a five-headed hydra
 13651 | D:12     | Upgraded the game from 0.28.0-45-g0d030f2227 to
                  | 0.28.0-47-ge53b351184
 13651 | D:12     | Identified a scroll of acquirement
 13651 | D:12     | Acquired 495 gold pieces
 13953 | D:13     | Noticed a glowing orange brain
 13953 | D:13     | a moth of wrath changed into a glowing orange brain
 13959 | D:13     | a glowing orange brain changed into a torpor snail
 14117 | D:13     | Reached skill level 10 in Fighting
 14632 | D:13     | Noticed a two-headed ogre
 14643 | D:13     | Killed a two-headed ogre
 14644 | D:13     | Reached skill level 10 in Dodging
 14695 | D:13     | Found a transporter.
 14696 | D:13     | Noticed a catoblepas
 14696 | D:13     | Noticed Tali's ghost (journeyman DsBe)
 14697 | D:13     | Found a transporter.
 14697 | D:13     | Noticed a boulder beetle
 14697 | D:13     | Noticed an ice dragon
 14698 | D:13     | Noticed a deep elf pyromancer
 14779 | D:13     | Noticed a tengu warrior
 14783 | D:13     | Noticed a tengu warrior
 15168 | D:13     | Reached skill level 11 in Slings
 15189 | D:13     | Killed a tengu warrior
 15204 | D:13     | Killed a tengu warrior
 15205 | D:13     | Reached XP level 12. HP: 15/107 MP: 21/21
 15581 | D:13     | Noticed a centaur warrior
 15593 | D:13     | Killed a centaur warrior
 16234 | D:14     | Slain by a cyan ugly thing

Illustrated notes

Levels and vault maps discovered:
D:1:      psy_arrival_radial02, layout_rooms,
          shapermc_ecumenical_altar_rom_forum
D:2:      layout_loops_ring, serial_shops, nicolae_shop_crystal, st_stairs_5,
          minmay_shallow_snake_nest, uniq_jessica
D:3:      layout_loops_ring, gammafunk_ghost_smash
D:4:      layout_cave_pods
D:5:      layout_rooms, temple_fountains
D:6:      layout_loops_ring, nicolae_qazlal_general_emergency, serial_shops,
          nicolae_shop_overgrown_old_shop, kennysheep_donut,
          kennysheep_flooded_box, uniq_prince_ribbit1, uniq_blork_the_orc,
          uniq_crazy_yiuf_cottage, uniq_sigmund
D:7:      layout_cave_pods, serial_shops, shop, uniq_maggie
D:8:      layout_gridville
D:9:      gammafunk_steamed_eel, layout_cave_pools
D:10:     layout_loops_corners, lair_entry_dummy, zombieorc1_lemuel
D:11:     layout_rooms
D:12:     layout_long_grid
D:13:     layout_loops_ring, gammafunk_ghost_arena, special_room
          [special_room_bee], lemuel_old_faithful
D:14:     minmay_octo_star, layout_basic, portal_ice_cave_entry_ice_statue_one,
          roderic_lattice_a

Skill      XL: |  1  2  3  4  5  6  7  8  9 10 11 |
---------------+----------------------------------+-----
Dodging        | 1 2 3 4 5 7 8 10 | 10.8
Fighting       | 2 3 4 5 6 7 8 10 | 10.9
Slings         | 5 6 7 8 9 11 | 11.5
Spellcasting   | 2 3 4 |  4.0
Hexes          | 2 3 4 |  4.0
Throwing       | |  1.7

Action                   |  1- 3 |  4- 6 |  7- 9 | 10-12 || total
-------------------------+-------+-------+-------+-------++-------
Melee: Trident           |       |     4 |       |       ||     4
       Great sword       |       |    13 |       |       ||    13
       Hunting sling     |       |       |     1 |       ||     1
       Flail             |       |       |     9 |    10 ||    19
 Fire: Hunting sling     |    81 |   147 |   433 |   838 ||  1499
Throw: Dart              |       |     7 |       |       ||     7
 Cast: Slow              |     7 |    34 |    11 |     3 ||    55
       Ensorcelled Hiber |       |       |    17 |       ||    17
Evoke: Wand              |       |       |       |    10 ||    10
  Use: Potion            |       |     2 |     1 |     8 ||    11
       Scroll            |       |     3 |     9 |     9 ||    21
Armor: Robe              |     3 |    34 |    75 |   100 ||   212
Dodge: Dodged            |    15 |    50 |   155 |   375 ||   595
       Rpst.: Flail      |       |       |     5 |     2 ||     7
